 Dungeon Crawl Stone Soup version 0.30-a0-311-gf115ab0292 (webtiles) character file.

Game seed: 7905081343427004325

277 kae the Ruffian (level 6, -3/53 HPs)
             Began as a Ghoul Fighter on Oct 25, 2022.
             Killed by divine providence
             ... invoked by an orc priest
              (10 damage)
             ... on level 4 of the Dungeon.
             The game lasted 00:02:40 (2982 turns).

kae the Ruffian (Ghoul Fighter)                     Turns: 2982, Time: 00:02:41

Health: -3/53      AC: 11    Str: 20    XL:     6   Next: 25%
Magic:  5/5        EV: 10    Int:  5    God:
Gold:   553        SH:  0    Dex:  8    Spells: 5/5 levels left

rFire   . . .      SeeInvis .      - Unarmed
rCold   + . .      Faith    .    (no shield)
rNeg    + + +      Spirit   .    a - +0 scale mail
rPois   ∞          Reflect  .    h - +0 helmet
rElec   .          Harm     .    (no cloak)
rCorr   .          Rampage  .    (no gloves)
Will    .....                    f - +2 pair of boots
Stlth   ..........               g - amulet of regeneration
HPRegen 0.00/turn                (no ring)
MPRegen 0.09/turn                (no ring)

@: about to teleport, inhibited regen
A: claws 1, cold resistance 1, negative energy resistance 3, inhibited
regeneration, torment resistance 2, devour on kill
a: no special abilities


You were on level 4 of the Dungeon.
You visited 1 branch of the dungeon, and saw 4 of its levels.

You collected 553 gold pieces.


Innate Abilities, Weirdness & Mutations

You are immune to poison.
You have sharp fingernails.
Your flesh is cold resistant. (rC+)
You are immune to negative energy. (rN+++)
You do not regenerate when monsters are visible.
You are immune to unholy pain and torment.
You thrive by killing the living.


   Skills:
 + Level 4.4 Fighting
 + Level 3.6 Armour
 + Level 2.1 Dodging
 - Level 2.6 Shields
 * Level 4.7 Unarmed Combat


You had 5 spell levels left.
You didn't know any spells.
Your spell library was empty.

Inventory:

Missiles
 e - 28 stones (quivered)
 k - 6 poisoned darts
 l - 2 boomerangs
 m - a throwing net {=f!f}
Armour
 a - a +0 scale mail (worn)
 b - a +0 buckler
 f - a +2 pair of boots (worn)
   (You found it on level 1 of the Dungeon)
 h - a +0 helmet (worn)
   (You found it on level 2 of the Dungeon)
Jewellery
 g - an amulet of regeneration (around neck)
   (You found it on level 2 of the Dungeon)
Scrolls
 i - 5 scrolls of identify {@r1}
 j - a scroll of fog {unknown}
 n - a scroll of amnesia {unknown}
 o - 2 scrolls of noise {unknown}
 q - a scroll of enchant weapon
 u - a scroll of poison {unknown}
 v - a scroll of vulnerability {unknown}
Potions
 c - a potion of might
 d - 2 potions of cancellation
 p - 2 potions of curing {unknown}
 r - a potion of attraction {unknown}
 s - 2 potions of ambrosia {unknown}
 t - a potion of mutation {unknown}

Dungeon Overview and Level Annotations

Branches:
Dungeon (4/15) Zot: 21015
 Temple: D:4-7

Altars:
Fedhas

#.....# #.....#
##.....# #......# ###
#......# ...#
#....{.#....# ...
#..gooo...... # )..
#@# #.#. #.#
###.#######.#..##.#
#..............##.#
#.#.....###.#..##.#
#.#####.# #.#.....#
#.#####.###.####..##
#...................
########.............
#.......#####..<..#..


You could see 2 orc priests, an orc and a goblin.


Message History

😮 HP[+1]
Things that are here:
a +0 hand axe; a +0 leather armour; 😮 HP[+1] 😮 HP[+1] Unknown command.
Things that are here:
a +0 hand axe; a +0 leather armour You see here a +0 short sword.
You now have 539 gold pieces (gained 11).
Items here: )) [[ †.
Things that are here:
a +0 short sword; an orc corpse
t - a fizzy sapphire potion 😎 HP[+24]
Your hp is fully restored (53).
Found an escape hatch in the ceiling.
No target in view!
No target in view!
u - a scroll labelled REDUIW CIOLIO No target in view!
No target in view!
You now have 553 gold pieces (gained 14).
A goblin comes into view. It is wielding a +0 dagger.
The goblin shouts!
The goblin barely misses you.
A goblin is nearby!
You scratch the goblin but do no damage.
The goblin barely misses you.
You completely miss the goblin. The goblin hits you but does no damage.
A goblin is nearby!
You claw the goblin!
You kill the goblin!
No target in view!
v - a scroll labelled ZYIDEKY ZAEXKI No target in view!
No target in view!
w - a scroll of teleportation {@r4} An orc priest, an orc wizard and an orc come into view.
The orc is wielding a +2 dagger of flaming.
The orc priest shouts!
The orc wizard shouts!
The orc shouts!
You hear a shout!
An orc comes into view. It is wielding a +0 club.
The orc wizard casts a spell at you.
The puff of flame hits you but does no damage.
An orc priest comes into view. It is wielding a +2 vorpal flail.
The orc moves out of view.
The orc shouts!
You hear a shout!
A goblin comes into view. It is wielding a +0 dagger.
The goblin shouts!
The orc hits you but does no damage.
The orc priest calls down the wrath of Beogh upon you.
Beogh smites you! 😕 HP[-12]
You take 12 damage, and now have 41/53 hp.
MASSIVE DAMAGE!! (PAUSE)
You scratch the orc. The orc closely misses you.
You claw the orc!
You kill the orc!
The orc hits you with a +0 club. The orc priest closely misses you. x2
The orc wizard mumbles some strange words.
The orc wizard flickers and vanishes!
Deactivating autopickup; reactivate with Ctrl-A.
Things that are here:
a +2 dagger of flaming; an orc corpse; 😮 HP[-4]
You take 4 damage, and now have 37/53 hp.
You claw the orc priest! You claw the orc priest.
The orc priest hits you with a +2 vorpal flail!
The orc barely misses you.
The orc priest barely misses you. 😮 HP[-9]
You take 9 damage, and now have 28/53 hp.
Unknown command.
You barely miss the orc priest. The orc hits you but does no damage.
The orc priest hits you with a +2 vorpal flail.
* * * LOW HITPOINT WARNING * * *
x2 The orc priest barely misses you. 😨 HP[-3]
You take 3 damage, and now have 25/53 hp.
You scratch the orc priest. The orc closely misses you.
The orc priest hits you with a +2 vorpal flail.
* * * LOW HITPOINT WARNING * * *
x2 The orc priest calls upon Beogh to heal the orc priest.
The orc priest is healed somewhat. 😨 HP[-7]
You take 7 damage, and now have 18/53 hp.
Unknown command.
You closely miss the orc priest. The orc closely misses you.
The orc priest hits you with a +2 vorpal flail.
* * * LOW HITPOINT WARNING * * *
x2 The orc priest invokes the aid of Beogh against you.
Beogh smites you!
* * * LOW HITPOINT WARNING * * *
😱 HP[-11]
You take 11 damage, and now have 7/53 hp.
MASSIVE DAMAGE!! (PAUSE)
Okay, then.
As you read the scroll of teleportation {@r4}, it crumbles to dust.
You feel strangely unstable. The orc hits you but does no damage.
The orc priest calls down the wrath of Beogh upon you.
Beogh smites you!
You die...

Skill      XL: |  1  2  3  4  5 |
---------------+----------------+-----
Unarmed Combat | 3 4 |  4.7
Armour         | 3 |  3.6
Dodging        | 1 2 |  2.1
Fighting       | 4 |  4.4
Shields        | |  2.6

Action                   |  1- 3 |  4- 6 || total
-------------------------+-------+-------++-------
Melee: Unarmed           |   120 |   179 ||   299
       Punch             |     1 |     9 ||    10
  Use: Scroll            |     2 |     5 ||     7
Armor: Scale mail        |    55 |    94 ||   149
Dodge: Dodged            |    66 |   120 ||   186

Levels and vault maps discovered:
D:1:      minmay_arrival_split_and_join, layout_basic,
          shapermc_ecumenical_altar_venn, minmay_pentomino_q4
D:2:      layout_loops_corners, serial_bayou, serial_bayou_pond_e,
          serial_bayou_pond_c, serial_bayou_pond_e, serial_bayou_ford_a,
          serial_bayou_pond_d
D:3:      layout_loops_ring, mainiacjoe_overflow_alcove_4,
          minmay_misc_feat_enclosed
D:4:      layout_basic, nemelex_spade_bored_becter

Notes
Turn   | Place    | Note
-------+----------+-------------------------------------------
     0 | D:1      | kae the Ghoul Fighter began the quest for the Orb.
     0 | D:1      | Reached XP level 1. HP: 19/19 MP: 0/0
     0 | D:1      | magus.rc [v1.11.3]
   120 | D:1      | Reached XP level 2. HP: 18/26 MP: 1/1
   276 | D:1      | Reached XP level 3. HP: 14/31 MP: 2/2
   282 | D:1      | Reached skill level 3 in Unarmed Combat
   416 | D:1      | Reached skill level 3 in Armour
   438 | D:1      | Found a faded altar of an unknown god.
  1075 | D:2      | Reached skill level 1 in Dodging
  1343 | D:2      | Reached XP level 4. HP: 40/40 MP: 3/3
  1960 | D:3      | Identified a scroll of acquirement
  1960 | D:3      | Acquired 389 gold pieces
  2095 | D:3      | Reached skill level 4 in Fighting
  2097 | D:3      | Reached XP level 5. HP: 42/46 MP: 4/4
  2281 | D:3      | Reached skill level 4 in Unarmed Combat
  2497 | D:3      | Identified the +1 hat "Fyumin" {rF+ Int-5 Dex+7}
  2647 | D:3      | Found a blossoming altar of Fedhas.
  2857 | D:4      | Reached skill level 2 in Dodging
  2857 | D:4      | Reached XP level 6. HP: 43/53 MP: 5/5
  2981 | D:4      | HP: 7/53 [orc priest/divine providence (8)]
  2982 | D:4      | Killed from afar by an orc priest

Vanquished Creatures
  2 iguanas (D:4)
  An orc wizard (D:4)
  8 gnolls
  3 adders
  2 worms
  A dart slug (D:1)
  9 orcs
  6 ball pythons
  5 bats
  10 endoplasms
  2 giant cockroaches (D:3)
  8 goblins
  6 hobgoblins
  A jackal (D:1)
  5 kobolds
  4 quokkas
  3 frilled lizards
  6 rats
82 creatures vanquished.

Vanquished Creatures (others)
  A plant (D:2)
1 creature vanquished.

Grand Total: 83 creatures vanquished

Table legend:
 A = Non-vault XP
 B = Vault XP
 C = Vault XP percentage of total XP
 D = Non-vault monster count
 E = Vault monster count
 F = Vault count percentage of total count
                 A         B        C        D         E       F
            +---------+---------+-------+---------+---------+-------
      Total |     377 |      19 |   4.8 |      79 |       3 |   3.7
            +---------+---------+-------+---------+---------+-------
        D:1 |      35 |      19 |  35.2 |      19 |       3 |  13.6
        D:2 |      90 |       0 |   0.0 |      23 |       0 |   0.0
        D:3 |     103 |       0 |   0.0 |      22 |       0 |   0.0
        D:4 |     149 |       0 |   0.0 |      15 |       0 |   0.0
            +---------+---------+-------+---------+---------+-------

Illustrated notes

Table legend:
 A = Kills in this place as a percentage of kills in entire the game.
 B = Kills by you in this place as a percentage of kills by you in the entire game.
 C = Kills by friends in this place as a percentage of kills by friends in the entire game.
 D = Other kills in this place as a percentage of other kills in the entire game.
 E = Experience gained in this place as a percentage of experience gained in the entire game.
 F = Experience gained in this place divided by the number of levels of this place that you have seen.
                   A       B       C       D       E      F
               +-------+-------+-------+-------+-------+----------------------
         Total | 100.0 | 100.0 |   N/A |   N/A | 100.0 |  99.0
       Dungeon | 100.0 | 100.0 |   N/A |   N/A | 100.0 |  99.0
               +-------+-------+-------+-------+-------+----------------------

Table legend: (Time is in decaauts)
 A = Elapsed time spent in this place.
 B = Non-inter-level travel time spent in this place.
 C = Inter-level travel time spent in this place.
 D = Time resting spent in this place.
 E = Time spent auto-exploring this place.
 F = Levels seen in this place.
 G = Mean time per level.
                   A        B        C        D        E       F      G
               +--------+--------+--------+--------+--------+-----+--------+
         Total |   2983 |   2891 |     92 |      2 |   2330 |   4 |  745.8 |
       Dungeon |   2983 |   2891 |     92 |      2 |   2330 |   4 |  745.8 |
               +--------+--------+--------+--------+--------+-----+--------+

Top non-repeatable levels by time:
     D:2: 1016 daAuts
     D:1: 983 daAuts
     D:3: 771 daAuts
     D:4: 212 daAuts
